 Dungeon Crawl Stone Soup version 0.29.1-12-g30fa7ad0bf (webtiles) character file.

Game seed: 15691032041012547283

135 LustLizard the Ruffian (level 4, -18/45 HPs)
             Began as a Troll Fighter on Dec 22, 2022.
             Demolished by an orc warrior
             ... wielding a +0 glaive
              (21 damage)
             ... on level 3 of the Dungeon.
             The game lasted 00:03:47 (1606 turns).

LustLizard the Ruffian (Troll Fighter)              Turns: 1606, Time: 00:03:48

Health: -18/45     AC:  4    Str: 24    XL:     4   Next: 97%
Magic:  3/3        EV:  8    Int:  6    God:
Gold:   160        SH:  7    Dex:  9    Spells: 3/3 levels left

rFire   . . .      SeeInvis .     - Unarmed
rCold   . . .      Faith    .   b - +0 kite shield
rNeg    . . .      Spirit   .   a - +0 robe
rPois   .          Reflect  .   (helmet restricted)
rElec   .          Harm     .   (no cloak)
rCorr   .          Rampage  .   (gloves unavailable)
Will    .....                   (boots unavailable)
Stlth   +.........              (no amulet)
HPRegen 0.95/turn               o - ring of flight
MPRegen 0.08/turn               (no ring)

@: mighty, flying
A: large, unfitting armour, claws 3, regeneration 1, shaggy fur 1, tough skin 1
a: no special abilities


You were on level 3 of the Dungeon.
You visited 1 branch of the dungeon, and saw 3 of its levels.

You collected 160 gold pieces.

Inventory:

Missiles
 m - a throwing net (quivered)
Armour
 a - a +0 robe (worn)
 b - a +0 kite shield (worn)
Jewellery
 o - a ring of flight (left claw)
Scrolls
 d - a scroll of identify {unknown}
 e - a scroll of summoning {unknown}
 f - a scroll of fog {unknown}
 g - a scroll of torment {unknown}
 i - a scroll of amnesia {unknown}
 j - a scroll of enchant armour {unknown}
 q - a scroll of teleportation {unknown}
Potions
 h - a potion of lignification {unknown}
 k - a potion of attraction {unknown}
 l - 3 potions of curing {unknown}
 n - 2 potions of invisibility {unknown}
 p - a potion of haste {unknown}


   Skills:
 + Level 3.1 Fighting
 - Level 2.4 Dodging
 + Level 3.4 Shields
 * Level 4.0 Unarmed Combat


You had 3 spell levels left.
You didn't know any spells.
Your spell library was empty.

Dungeon Overview and Level Annotations

Branches:
Dungeon (3/15)

Altars:
Okawaru


Innate Abilities, Weirdness & Mutations

You are too large for most types of armour.
You have claws for hands.
Your natural rate of healing is unusually fast.
You are covered in fur. (AC +1)
You have tough skin. (AC +1)


Message History

You block the bat's attack.
You claw the bat!
You kill the bat!
No target in view!
Found 9 stones.
You see here 9 stones.
A rat comes into view.
The rat twitches its whiskers.
The rat bites you but does no damage.
You completely miss the rat. The rat barely misses you.
You scratch the rat.
The rat is moderately wounded.
The rat closely misses you.
You claw the rat!
You kill the rat!
No target in view!
You see here a rat corpse.
A rat comes into view.
A rat is nearby!
Found a plate armour.
The rat bites you.
You barely miss the rat. The rat bites you.
You claw the rat!
You kill the rat!
No target in view!
q - a scroll labelled QOEMUMM EFOEMM You see here a +0 plate armour.
An orc warrior comes into view. It is wielding a +0 glaive.
The orc warrior shouts!
The orc warrior unwields a +0 glaive.
The orc warrior wields a +0 arbalest.
The orc warrior shoots a bolt.
The bolt hits you!
Okay, then.
The orc warrior unwields a +0 arbalest.
The orc warrior wields a +0 glaive.
The orc warrior hits you with a +0 glaive!
You feel very mighty all of a sudden.
The orc warrior hits you with a +0 glaive!
* * * LOW HITPOINT WARNING * * *
You closely miss the orc warrior.
The orc warrior hits you with a +0 glaive!!
You die...

#### #..
########## #o#
..†......#######@#
#####......[.....#
#.....########
#..†#.#######
##.##.......#
#.##..####.#
#.##..# ###
#.##..# ....
......#


You could see an orc warrior.

Vanquished Creatures
  3 adders
  3 gnolls
  A worm (D:3)
  A dart slug (D:1)
  4 endoplasms
  3 giant cockroaches (D:1)
  8 hobgoblins
  8 jackals (D:1)
  9 kobolds
  3 quokkas (D:2)
  4 ball pythons
  4 bats
  11 frilled lizards
  5 goblins
  7 rats
74 creatures vanquished.

Notes
Turn   | Place    | Note
-------+----------+-------------------------------------------
     0 | D:1      | LustLizard the Troll Fighter began the quest for the Orb.
     0 | D:1      | Reached XP level 1. HP: 22/22 MP: 0/0
   207 | D:1      | Reached XP level 2. HP: 29/29 MP: 1/1
   427 | D:1      | Reached XP level 3. HP: 36/36 MP: 2/2
   469 | D:1      | Reached skill level 3 in Unarmed Combat
   672 | D:1      | Reached XP level 4. HP: 10/44 MP: 3/3
   859 | D:2      | Found an iron altar of Okawaru.
   998 | D:2      | Noticed a great orb of eyes
  1000 | D:2      | Found a faded altar of an unknown god.
  1095 | D:2      | Noticed a floating eye
  1098 | D:2      | Noticed a golden eye
  1098 | D:2      | Noticed a golden eye
  1563 | D:3      | Reached skill level 4 in Unarmed Combat
  1603 | D:3      | Noticed an orc warrior
  1605 | D:3      | HP: 2/45 [orc warrior/+0 glaive (15)]
  1606 | D:3      | Demolished by an orc warrior

Illustrated notes

Levels and vault maps discovered:
D:1:      dpeg_cavernosity, layout_rooms
D:2:      layout_rooms, basic_altar, hellmonk_ecumenical_altar_watching_god,
          kennysheep_generic_room_12
D:3:      layout_loops_ring, nicolae_wu_jian_wuxing_cycle, lemuel_crystal_altar,
          minmay_misc_feat_room, minivault_23, nicolae_wormholes

Skill      XL: |  1  2  3  4 |
---------------+-------------+-----
Shields        | 3 |  3.4
Unarmed Combat | 3 4 |  4.0
Fighting       | 3 |  3.1
Dodging        | |  2.4

Action                   |  1- 3 |  4- 6 || total
-------------------------+-------+-------++-------
Melee: Unarmed           |   137 |    82 ||   219
  Use: Potion            |       |     1 ||     1
 Stab: Sleeping          |       |     1 ||     1
Armor: Robe              |    66 |    32 ||    98
Dodge: Dodged            |    56 |    25 ||    81
Block: Kite shield       |    64 |    25 ||    89
